[Event "Titled Tuesday Blitz August 16 Late 2022"]
[White "Martinez Reyes, Pedro Ramon"]
[Black "Oparin, Grigoriy"]
[WhiteFideId "3901807"]
[BlackFideId "24125890"]
[WhiteElo "2327"]
[BlackElo "2639"]
[Result "0-1"]
[Round "07"]
[TimeControl "180+1"]
[Date "2022.08.16"]
[WhiteClock "0:00:53"]
[BlackClock "0:01:55"]

1. e4 d6 2. d4 g6 3. Nc3 Bg7 4. Bg5 a6 5. Qd2 b5 6. O-O-O h6 7. Be3 b4 8. Nce2 a5 9. Kb1 Bb7 10. f3 Nd7 11. Nc1 e6 12. h4 Ne7 13. h5 g5 14. f4 gxf4 15. Bxf4 Bxe4 16. Nf3 Nd5 17. Bg3 a4 18. Bd3 Bxd3 19. Qxd3 a3 20. b3 Nc3+ 21. Ka1 Nxd1 22. Rxd1 Nb6 23. Qb5+ Qd7 24. Qxb4 O-O 25. Kb1 Nd5 26. Qd2 Rfb8 27. Ne2 Qc6 28. Be1 Qa6 29. Nf4 Nxf4 30. Qxf4 Rb5 31. g4 Rab8 32. Bh4 Qc6 33. Qe3 e5 34. dxe5 dxe5 35. g5 e4 36. gxh6 Qxh6 37. Bg5 Qxh5 38. Qxe4 Rxg5 0-1


[Site "https://www.chess.com"]

[Event "Titled Tuesday Blitz August 16 Late 2022"]
[White "Martinez, Shawn"]
[Black "Aldokhin, Ivan"]
[WhiteFideId "2039770"]
[BlackFideId "24115720"]
[WhiteElo "2174"]
[BlackElo "2246"]
[Result "0-1"]
[Round "07"]
[TimeControl "180+1"]
[Date "2022.08.18"]
[WhiteClock "0:00:00"]
[BlackClock "0:00:00"]

1. e4 c5 2. Nc3 e6 3. Nge2 Nc6 4. g3 g6 5. d4 cxd4 6. Nxd4 a6 7. Be3 Bg7 8. Nxc6 bxc6 9. Qd6 Qe7 10. Bc5 Qxd6 11. Bxd6 Ne7 12. Na4 Ra7 13. O-O-O f5 14. f3 fxe4 15. fxe4 g5 16. Nc5 Ng6 17. Be2 Be5 18. Bh5 Bxd6 19. Rxd6 Ke7 20. Rhd1 Ne5 21. b3 Rf8 22. R1d2 a5 23. Na4 Ba6 24. c4 Bxc4 25. Nb2 Bb5 26. Bd1 Rf1 27. Kc2 g4 28. R6d4 Ba6 29. Be2 Bxe2 30. Rxe2 Nf3 31. Ra4 Rh1 32. Nd3 Rxh2 33. Rxh2 Nxh2 34. Nf2 h5 35. e5 Nf1 36. Ne4 Ra8 37. b4 Rf8 38. bxa5 Rf3 39. a6 Ne3+ 40. Kd2 Nd5 41. a7 Nb6 42. a8=Q Nxa8 43. Rxa8 Rf5 44. Ra5 Rf3 45. a4 Ra3 46. Ra7 c5 47. Nxc5 Rxg3 48. Rxd7+ Ke8 49. Rd3 Rg2+ 50. Ke3 h4 51. a5 h3 52. Ra3 h2 53. a6 h1=Q 54. a7 Rg3+ 55. Kf4 Rxa3 56. Nxe6 Qf3+ 57. Kg5 Ke7 58. Nf4 Qe3 59. Kf5 Rxa7 60. Nd5+ Kf8 61. Nxe3 g3 62. Kf4 Rg7 63. Ng2 Ke7 64. Kf3 Ke6 65. Nf4+ Kxe5 66. Ne2 g2 67. Kf2 Ke4 68. Ng1 Kf4 69. Ne2+ Ke4 70. Ng1 Rg6 71. Ne2 Rg8 72. Ng1 Kd3 73. Nh3 Kd2 74. Ng1 Rg7 75. Nh3 Rg8 76. Ng1 Kd1 77. Nh3 Rg6 78. Ng1 Rg5 79. Nh3 Rg4 80. Ng1 Kd2 81. Nf3+ Kd1 82. Ng1 Kc2 83. Nf3 Rg8 84. Ng1 Kd3 85. Nh3 Ke4 86. Ng1 Kf4 87. Ne2+ Kf5 88. Ng1 Kg4 89. Ne2 Kh3 90. Ng1+ Kh2 91. Nf3+ Kh1 92. Ng1 Rf8+ 0-1


[Site "https://www.chess.com"]

[Event "Titled Tuesday Blitz August 16 Late 2022"]
[White "McBryde, Lamel"]
[Black "Romanchuk, Viktor"]
[WhiteFideId "2058596"]
[BlackFideId "14109271"]
[WhiteElo "2136"]
[BlackElo "2242"]
[Result "0-1"]
[Round "07"]
[TimeControl "180+1"]
[Date "2022.08.18"]
[WhiteClock "0:00:00"]
[BlackClock "0:00:00"]

1. Nf3 d5 2. b3 c6 3. Bb2 Bf5 4. d4 e6 5. e3 Nd7 6. Bd3 Bg6 7. Nbd2 Ngf6 8. O-O Bd6 9. Ne5 Qe7 10. a3 Bxd3 11. cxd3 O-O 12. f4 Ne8 13. e4 f6 14. Nxd7 Qxd7 15. e5 Bc7 16. Rf3 Bb6 17. Rh3 fxe5 18. fxe5 g6 19. Qg4 Ng7 20. Nf3 Rf5 21. Rf1 Raf8 22. Nd2 Rxf1+ 23. Nxf1 Rf5 24. Ne3 Rf8 25. b4 Nf5 26. Nf1 Qg7 27. Ne3 Nxe3 28. Rxe3 Rf5 29. Rf3 Rxe5 30. h4 Rf5 31. Re3 Qf6 32. Rf3 Kf7 33. Kh2 Rxf3 34. gxf3 Bc7+ 35. Kg2 Qf5 36. Qxf5+ exf5 37. Bc1 Bd8 38. Kh3 Bf6 39. Be3 b5 40. f4 Bd8 41. Kg3 a5 42. Kh3 axb4 43. axb4 Be7 44. Bd2 Bd6 45. Be3 Bxb4 0-1


[Site "https://www.chess.com"]

[Event "Titled Tuesday Blitz August 16 Late 2022"]
[White "Mcconnell, Sullivan"]
[Black "Nozdrachev, Leonid"]
[WhiteFideId "30934885"]
[BlackFideId "24113433"]
[WhiteElo "2682"]
[BlackElo "2100"]
[Result "0-1"]
[Round "07"]
[TimeControl "180+1"]
[Date "2022.08.16"]
[WhiteClock "0:00:28"]
[BlackClock "0:00:31"]

1. e4 c6 2. d4 d5 3. Nc3 dxe4 4. Nxe4 Bf5 5. Ng3 Bg6 6. h4 h6 7. Nf3 Nd7 8. h5 Bh7 9. Bd3 Bxd3 10. Qxd3 e6 11. Bf4 Bb4+ 12. c3 Be7 13. a4 Ngf6 14. Bd2 O-O 15. Ne2 e5 16. dxe5 Nd5 17. g4 Nc5 18. Qc2 Ne6 19. O-O-O b5 20. Ned4 Qb6 21. Nf5 bxa4 22. c4 a3 23. cxd5 Bc5 24. dxe6 Rab8 25. exf7+ Rxf7 26. b3 Qxb3 27. Qxb3 Rxb3 28. N3d4 Rb2 29. e6 Rfb7 30. Bc3 Rxf2 31. Nc2 a2 32. Rd8+ Kh7 33. Bb2 Ba3 34. Nxa3 Rbxb2 0-1


[Site "https://www.chess.com"]

[Event "Titled Tuesday Blitz August 16 Late 2022"]
[White "Melikyan, Gnel"]
[Black "Ibarra Jerez, Jose Carlos"]
[WhiteFideId "54109990"]
[BlackFideId "2226332"]
[WhiteElo "1772"]
[BlackElo "2628"]
[Result "0-1"]
[Round "07"]
[TimeControl "180+1"]
[Date "2022.08.16"]
[WhiteClock "0:00:04"]
[BlackClock "0:00:05"]

1. e4 Nc6 2. Nf3 d6 3. Nc3 Nf6 4. Bc4 g6 5. h3 Bg7 6. d4 O-O 7. O-O Nxe4 8. Nxe4 d5 9. Bxd5 Qxd5 10. Nc3 Qa5 11. Ne2 Rd8 12. c3 e5 13. Bg5 e4 14. b4 Qd5 15. c4 Qxc4 16. Nd2 Qd5 17. Bxd8 Nxd8 18. Nc3 Qxd4 19. Ndxe4 Ne6 20. Qxd4 Nxd4 21. Rad1 Be6 22. Nc5 Bc4 23. Rfe1 b6 24. Nd7 Nc2 25. Re4 Be6 26. Nb5 Rd8 27. Nxc7 Rxd7 28. Rxd7 Bxd7 29. Re7 Ba4 30. Nd5 Bc6 31. Nf4 Bf8 32. Rc7 Ba4 33. Rxa7 b5 34. Nd3 Nxb4 35. Ne5 f6 36. Nd7 Be7 37. Nb6 Bc5 38. Ra8+ Kf7 39. Nxa4 bxa4 40. Rxa4 Nd3 41. Kf1 Nxf2 42. Ra6 Ne4 43. Rc6 f5 44. Ke2 Ke7 45. Kd3 Bd6 46. Ra6 Nc5+ 0-1


[Site "https://www.chess.com"]

[Event "Titled Tuesday Blitz August 16 Late 2022"]
[White "Mendez Fortes, Eduardo Jesus"]
[Black "Kim, Sergey"]
[WhiteFideId "3502376"]
[BlackFideId "13700570"]
[WhiteElo "2307"]
[BlackElo "2295"]
[Result "1-0"]
[Round "07"]
[TimeControl "180+1"]
[Date "2022.08.18"]
[WhiteClock "0:00:00"]
[BlackClock "0:00:00"]

1. e4 e5 2. Nf3 Nc6 3. Bb5 a6 4. Ba4 Nf6 5. O-O b5 6. Bb3 Bc5 7. a4 Bb7 8. d3 d6 9. Nc3 b4 10. Nd5 h6 11. Nxf6+ Qxf6 12. Bd5 O-O 13. a5 Rab8 14. Be3 Bxe3 15. fxe3 Qe7 16. Qe1 Nd8 17. Bb3 Ne6 18. Nh4 g6 19. Qg3 Ng5 20. Nxg6 Qd7 21. Nxf8 Kxf8 22. h4 Ne6 23. Qg4 Re8 24. Rf6 d5 25. Raf1 Re7 26. Rxh6 Ke8 27. Rh8+ Nf8 28. Qg7 1-0


[Site "https://www.chess.com"]

[Event "Titled Tuesday Blitz August 16 Late 2022"]
[White "Michalski, Olaf"]
[Black "Mickiewicz, Piotr"]
[WhiteFideId "1106740"]
[BlackFideId "1114891"]
[WhiteElo "1937"]
[BlackElo "2266"]
[Result "0-1"]
[Round "07"]
[TimeControl "180+1"]
[Date "2022.08.18"]
[WhiteClock "0:00:00"]
[BlackClock "0:00:00"]

1. d4 Nf6 2. c4 g6 3. Nc3 Bg7 4. e4 d6 5. Nf3 O-O 6. Be2 e5 7. d5 a5 8. O-O Na6 9. Bg5 h6 10. Bh4 Nc5 11. Nd2 Bd7 12. b3 c6 13. a3 Qb8 14. b4 axb4 15. axb4 Rxa1 16. Qxa1 Na6 17. dxc6 bxc6 18. Qxa6 Qxb4 19. Rc1 Nh5 20. Bxh5 gxh5 21. Qa1 f5 22. f3 Be6 23. Rb1 Qxb1+ 24. Qxb1 fxe4 25. Ndxe4 d5 26. cxd5 cxd5 27. Nd6 e4 28. Qb3 Bd4+ 29. Kf1 exf3 30. g3 Bh3+ 31. Ke1 f2+ 32. Kd2 Bxc3+ 0-1


[Site "https://www.chess.com"]

[Event "Titled Tuesday Blitz August 16 Late 2022"]
[White "Mirimanian, Hayk"]
[Black "Ardila, Oscar Humberto"]
[WhiteFideId "4700180"]
[BlackFideId "4404742"]
[WhiteElo "2280"]
[BlackElo "1939"]
[Result "0-1"]
[Round "07"]
[TimeControl "180+1"]
[Date "2022.08.18"]
[WhiteClock "0:00:00"]
[BlackClock "0:00:00"]

1. e4 e5 2. Nf3 Nf6 3. Nc3 Nc6 4. Bb5 Bb4 5. O-O O-O 6. d3 d6 7. Bg5 Bxc3 8. bxc3 Qe7 9. Ba4 Nd8 10. Qe2 Ne6 11. Bc1 c5 12. Bb3 Bd7 13. a4 Bc6 14. g3 b6 15. Nh4 g6 16. Bh6 Rfd8 17. Ng2 a6 18. f4 Nh5 19. f5 Neg7 20. g4 Nf6 21. g5 Nfh5 22. f6 Qd7 23. fxg7 d5 24. exd5 Bxd5 25. Bxd5 Qxd5 26. Qf3 Qe6 27. c4 Rab8 28. Rab1 Rd4 29. Ne3 e4 30. Qg4 Qe5 31. Nd5 exd3 32. Rxf7 Rxg4+ 33. Kf2 Qe2# 0-1


[Site "https://www.chess.com"]

[Event "Titled Tuesday Blitz August 16 Late 2022"]
[White "Moore, Alex"]
[Black "Stanisz, Patryk"]
[WhiteFideId "30910692"]
[BlackFideId "1123106"]
[WhiteElo "1912"]
[BlackElo "1833"]
[Result "0-1"]
[Round "07"]
[TimeControl "180+1"]
[Date "2022.08.18"]
[WhiteClock "0:00:00"]
[BlackClock "0:00:00"]

1. d4 d5 2. c4 c6 3. Nf3 Nf6 4. e3 e6 5. Nbd2 Bd6 6. Bd3 Qe7 7. O-O b6 8. e4 dxe4 9. Nxe4 Nxe4 10. Bxe4 Bb7 11. Bg5 Qc7 12. Re1 h6 13. Bh4 Nd7 14. d5 e5 15. dxc6 Bxc6 16. Bxc6 Qxc6 17. Qd2 g5 18. Bg3 O-O-O 19. Rad1 Bc7 20. Qd5 Qxd5 21. cxd5 f6 22. Nd2 f5 23. d6 Bxd6 24. Nc4 Bc7 25. Rc1 f4 26. Nd6+ Kb8 27. Nf7 fxg3 28. hxg3 Nc5 29. Nxh8 Rxh8 30. Red1 Rd8 31. Rxd8+ Bxd8 32. b4 Ne6 33. Rc6 Nd4 34. Rxh6 Nc2 35. b5 Nd4 36. a4 Ne2+ 37. Kf1 Nc3 38. Re6 Nxa4 39. Rxe5 Nc3 40. f4 gxf4 41. gxf4 a5 42. bxa6 b5 43. f5 b4 0-1


[Site "https://www.chess.com"]

[Event "Titled Tuesday Blitz August 16 Late 2022"]
[White "Nakamura, Hikaru"]
[Black "Wieczorek, Oskar"]
[WhiteFideId "2016192"]
[BlackFideId "1133950"]
[WhiteElo "2850"]
[BlackElo "2302"]
[Result "1-0"]
[Round "07"]
[TimeControl "180+1"]
[Date "2022.08.16"]
[WhiteClock "0:01:00"]
[BlackClock "0:00:11"]

1. g3 Nf6 2. Bg2 g6 3. d3 d5 4. Bd2 Bg7 5. Qc1 c5 6. Nc3 Nc6 7. Bh6 O-O 8. h4 Bg4 9. h5 Bxh5 10. Nxd5 Nxd5 11. Rxh5 Nf6 12. Bxg7 Kxg7 13. Rxc5 Qd6 14. Rc3 Nd4 15. e3 Nf5 16. Qd2 Rac8 17. Rxc8 Rxc8 18. O-O-O b5 19. Bh3 Rc7 20. Ne2 e6 21. Kb1 a5 22. Qxa5 Qc6 23. Qd2 Qf3 24. Bxf5 exf5 25. Nd4 Qd5 26. a3 h5 27. f3 Qe5 28. Qf2 Rc8 29. c3 Re8 30. e4 f4 31. gxf4 Qxf4 32. Ne2 Qc7 33. f4 Rh8 34. Qf3 Qc6 35. Nd4 Qb7 36. e5 Qxf3 37. exf6+ 1-0


[Site "https://www.chess.com"]

[Event "Titled Tuesday Blitz August 16 Late 2022"]
[White "Naroditsky, Daniel"]
[Black "Akbas, Umut Ata"]
[WhiteFideId "2026961"]
[BlackFideId "44572646"]
[WhiteElo "2628"]
[BlackElo "1654"]
[Result "1-0"]
[Round "07"]
[TimeControl "180+1"]
[Date "2022.08.16"]
[WhiteClock "0:00:03"]
[BlackClock "0:00:14"]

1. e4 c5 2. Nf3 d6 3. Bb5+ Bd7 4. c4 Nf6 5. Nc3 e6 6. O-O Be7 7. d4 cxd4 8. Nxd4 O-O 9. Bxd7 Nbxd7 10. b3 Rc8 11. Bb2 a6 12. Rc1 Qc7 13. Re1 Rfd8 14. Qf3 Bf8 15. Qg3 g6 16. Rcd1 Bg7 17. h3 Nc5 18. Qe3 Qb8 19. Rd2 b5 20. cxb5 axb5 21. b4 Na4 22. Nxa4 bxa4 23. a3 d5 24. exd5 Nxd5 25. Qf3 Rc4 26. Red1 h5 27. Qe2 Qc8 28. Nf3 Bxb2 29. Rxb2 Rc3 30. Ra2 Qc7 31. Qe5 Qc4 32. Raa1 Rc8 33. Ng5 Qf4 34. Qxf4 Nxf4 35. Ne4 Rb3 36. Nc5 Rb2 37. Nxa4 Re2 38. Rac1 Ra8 39. Nc3 Rb2 40. Ra1 Rb3 41. Nb5 Ne2+ 42. Kh2 Nc3 43. Rd3 Rxb4 44. axb4 1-0


[Site "https://www.chess.com"]

[Event "Titled Tuesday Blitz August 16 Late 2022"]
[White "Novikova, Galina"]
[Black "Quirke, Jeffrey"]
[WhiteFideId "4157095"]
[BlackFideId "2013029"]
[WhiteElo "1923"]
[BlackElo "2048"]
[Result "0-1"]
[Round "07"]
[TimeControl "180+1"]
[Date "2022.08.18"]
[WhiteClock "0:00:00"]
[BlackClock "0:00:00"]

1. e4 e5 2. Nf3 Nc6 3. d4 exd4 4. Nxd4 Nf6 5. Nxc6 bxc6 6. Qe2 Bc5 7. Nc3 O-O 8. Bg5 Re8 9. O-O-O d5 10. e5 Qd7 11. Bxf6 gxf6 12. f4 Qg4 13. Qd2 fxe5 14. fxe5 Rxe5 15. Kb1 Be3 16. Qd3 Bf5 17. Qa6 d4 18. Be2 Qg6 19. Qxc6 Qxc6 20. Bf3 Qxf3 21. gxf3 dxc3 0-1


[Site "https://www.chess.com"]

[Event "Titled Tuesday Blitz August 16 Late 2022"]
[White "Omariev, Maksim"]
[Black "Gubajdullin, Alexei"]
[WhiteFideId "4193423"]
[BlackFideId "4141202"]
[WhiteElo "2304"]
[BlackElo "2214"]
[Result "0-1"]
[Round "07"]
[TimeControl "180+1"]
[Date "2022.08.18"]
[WhiteClock "0:00:00"]
[BlackClock "0:00:00"]

1. g4 d5 2. Bg2 c6 3. h3 e5 4. d4 e4 5. c4 Bb4+ 6. Nc3 Ne7 7. Qb3 Ba5 8. Bd2 O-O 9. f3 dxc4 10. Qxc4 Be6 11. Qa4 b5 12. Qc2 Qxd4 13. Nxe4 Bb6 14. e3 Qe5 15. f4 Qc7 16. Ng5 Ng6 17. O-O-O Bd5 18. N1f3 h6 19. h4 hxg5 20. hxg5 Qe7 21. f5 Be4 22. Qc3 Bxf3 23. Bxf3 Ne5 24. Be2 Qc5 25. Rh3 Rd8 26. Rdh1 Kf8 27. f6 gxf6 28. gxf6 Ke8 29. Rh8+ Kd7 30. Rxd8+ Kxd8 31. Rh8+ Kc7 32. g5 Kb7 33. Qxc5 Bxc5 34. Bc3 Nbd7 35. Rh7 Rg8 36. Kc2 Kc7 37. Rg7 Re8 38. Bh5 Rf8 39. e4 Bd6 40. g6 fxg6 41. Bxg6 Rxf6 42. Bf5 Rf7 43. Rg5 Nc4 44. Bxd7 Rxd7 45. b3 Nb6 46. e5 Be7 47. e6 Bxg5 48. exd7 Kxd7 49. Bd4 Nd5 50. Bxa7 Be3 51. Bb8 Bf4 52. Ba7 Bd6 53. a4 b4 54. a5 c5 55. a6 Kc6 56. Kd3 Kb5 57. Bxc5 Bxc5 58. Ke4 Nc7 59. a7 Bxa7 60. Ke5 Na6 61. Kd6 Nc5 0-1


[Site "https://www.chess.com"]

[Event "Titled Tuesday Blitz August 16 Late 2022"]
[White "Oro, Luis"]
[Black "Howell, David W L"]
[WhiteFideId "104094"]
[BlackFideId "410608"]
[WhiteElo "2255"]
[BlackElo "2559"]
[Result "0-1"]
[Round "07"]
[TimeControl "180+1"]
[Date "2022.08.18"]
[WhiteClock "0:00:00"]
[BlackClock "0:00:00"]

1. e4 c5 2. Nf3 a6 3. c4 Nc6 4. d4 cxd4 5. Nxd4 e5 6. Nc2 Bc5 7. Nc3 d6 8. Bd3 Nf6 9. O-O Bg4 10. Be2 Be6 11. Kh1 Rc8 12. b3 h6 13. f4 exf4 14. Bxf4 Ne5 15. Nd4 O-O 16. Qd2 Ng6 17. Bg3 Bb4 18. Bd3 Ng4 19. a3 Bc5 20. Be2 N4e5 21. Nf5 Qg5 22. Qxg5 hxg5 23. Rfd1 Rfd8 24. Na4 Bxf5 25. exf5 Nf4 26. Nxc5 dxc5 27. Bf1 f6 28. h4 Kf7 29. hxg5 fxg5 30. Kg1 Kf6 31. Kf2 Kxf5 32. Rab1 b6 33. Bh2 Ng4+ 34. Kg1 Nxh2 35. Kxh2 a5 36. g3 Ne6 37. Bh3+ g4 38. Bg2 Rxd1 39. Rxd1 Nd4 40. Rf1+ Kg6 41. Be4+ Kg5 42. Rf7 Re8 43. Rxg7+ Kf6 44. Rg6+ Kf7 45. Bd3 Re3 46. Bb1 Re2+ 47. Kg1 Re1+ 48. Kf2 Rxb1 49. Rxb6 Rb2+ 50. Kf1 Rxb3 51. Ra6 Rxa3 0-1


[Site "https://www.chess.com"]

[Event "Titled Tuesday Blitz August 16 Late 2022"]
[White "Pakleza, Zbigniew"]
[Black "Hansen, Eric"]
[WhiteFideId "1119290"]
[BlackFideId "2606771"]
[WhiteElo "2411"]
[BlackElo "2568"]
[Result "0-1"]
[Round "07"]
[TimeControl "180+1"]
[Date "2022.08.16"]
[WhiteClock "0:00:03"]
[BlackClock "0:01:06"]

1. d4 Nf6 2. Nf3 g6 3. Bf4 Bg7 4. e3 O-O 5. Be2 c5 6. c3 b6 7. O-O Bb7 8. Nbd2 d6 9. h3 Nbd7 10. a4 a6 11. Bg3 Rc8 12. Bd3 cxd4 13. exd4 e5 14. Re1 Re8 15. Bf1 e4 16. Nh2 d5 17. Qb3 h5 18. c4 Bh6 19. Rad1 Bg5 20. cxd5 Bxd5 21. Qa3 Rc2 22. Nb1 h4 23. Bd6 e3 24. fxe3 Ne4 25. Nc3 Nxc3 26. bxc3 Rxe3 27. Rxe3 Bxe3+ 28. Kh1 Qg5 29. Ng4 Qf5 30. Bh2 Qxf1+ 31. Rxf1 Bxg2# 0-1


[Site "https://www.chess.com"]

[Event "Titled Tuesday Blitz August 16 Late 2022"]
[White "Petrovic, Aleksa"]
[Black "Putnam, Liam"]
[WhiteFideId "967629"]
[BlackFideId "30938279"]
[WhiteElo "2262"]
[BlackElo "2035"]
[Result "1-0"]
[Round "07"]
[TimeControl "180+1"]
[Date "2022.08.18"]
[WhiteClock "0:00:00"]
[BlackClock "0:00:00"]

1. d4 Nf6 2. c4 g6 3. Nc3 Bg7 4. e4 d6 5. Be2 O-O 6. Nf3 e5 7. O-O Nbd7 8. Be3 exd4 9. Nxd4 Re8 10. f3 c6 11. Nc2 Ne5 12. Qd2 Be6 13. b3 Qa5 14. h3 Rad8 15. f4 Ned7 16. b4 Qc7 17. f5 Nxe4 18. Nxe4 Bxf5 19. Nxd6 Bxc2 20. Nxe8 Rxe8 21. Rae1 Bf5 22. Bg4 Bxg4 23. hxg4 Ne5 24. Bf4 Qc8 25. Bxe5 Bxe5 26. Qf2 Qe6 27. Qf3 Bd4+ 28. Kh2 Qxe1 29. Rxe1 Rxe1 30. Qd3 Bg1+ 31. Kh1 Bf2+ 32. Kh2 Bg1+ 33. Kh1 Be3+ 34. Kh2 h6 35. g3 Bf2 36. Kg2 Bb6 37. c5 Bc7 38. Qd7 Be5 39. Qxb7 Kg7 40. Qxc6 Re3 41. Qd5 Rxg3+ 42. Kf2 Bf4 43. Qd4+ Be5 44. Qxe5+ 1-0


[Site "https://www.chess.com"]

[Event "Titled Tuesday Blitz August 16 Late 2022"]
[White "Pichot, Alan"]
[Black "Al Hosani, Omran"]
[WhiteFideId "110973"]
[BlackFideId "9308733"]
[WhiteElo "2578"]
[BlackElo "2236"]
[Result "1-0"]
[Round "07"]
[TimeControl "180+1"]
[Date "2022.08.16"]
[WhiteClock "0:01:41"]
[BlackClock "0:00:04"]

1. Nf3 d5 2. c4 e6 3. g3 Nf6 4. Bg2 Be7 5. O-O O-O 6. b3 c5 7. cxd5 Nxd5 8. Bb2 Bf6 9. Qc1 Nc6 10. Nc3 b6 11. Ne4 Bxb2 12. Qxb2 Bb7 13. Rfd1 Qe7 14. d4 cxd4 15. Nxd4 Nxd4 16. Qxd4 Rfd8 17. Qe5 Rac8 18. Rac1 h6 19. h4 f6 20. Qb2 f5 21. Nd2 Rxc1 22. Rxc1 Nf6 23. Bxb7 Qxb7 24. Nf3 Rc8 25. Rxc8+ Qxc8 26. Qe5 Qd7 27. Nd4 Kf7 28. f3 Qd5 29. Qc7+ Kg6 30. Nc6 Qc5+ 31. Kg2 Qe3 32. Qe5 Nd5 33. Qxe3 Nxe3+ 34. Kf2 Nd1+ 35. Ke1 Nc3 36. a4 a5 37. Ne5+ Kf6 38. Nd7+ Ke7 39. Nxb6 f4 40. gxf4 Nd5 41. Nxd5+ 1-0


[Site "https://www.chess.com"]

[Event "Titled Tuesday Blitz August 16 Late 2022"]
[White "Potapova, Margarita"]
[Black "Rios Escobar, Adan"]
[WhiteFideId "14126869"]
[BlackFideId "3403645"]
[WhiteElo "2225"]
[BlackElo "2276"]
[Result "1-0"]
[Round "07"]
[TimeControl "180+1"]
[Date "2022.08.18"]
[WhiteClock "0:00:00"]
[BlackClock "0:00:00"]

1. d4 Nf6 2. c4 g6 3. Nc3 Bg7 4. e4 d6 5. h3 O-O 6. Be3 Nc6 7. d5 Ne5 8. Nf3 Nxf3+ 9. Qxf3 c5 10. Bd3 Nd7 11. Qe2 a6 12. O-O Rb8 13. a4 Ne5 14. Bc2 f5 15. f4 Nf7 16. e5 dxe5 17. fxe5 Bxe5 18. Bxc5 Qc7 19. Bf2 Bf6 20. c5 Bd7 21. Bb3 Kg7 22. Rfe1 Qa5 23. Rad1 Ne5 24. Bd4 Qb4 25. Bxe5 Qxb3 26. Bxf6+ exf6 27. d6 Rbe8 28. Qd3 Bxa4 29. Ra1 Bc6 30. d7 Rxe1+ 31. Rxe1 Qb4 32. d8=Q Rxd8 33. Qxd8 Qxb2 34. Qe7+ Kh6 35. Qe3+ Kg7 36. Re2 Qa1+ 37. Kh2 a5 38. Qd2 1-0


[Site "https://www.chess.com"]

[Event "Titled Tuesday Blitz August 16 Late 2022"]
[White "Proudian, Armen"]
[Black "Pourkashiyan, Atousa"]
[WhiteFideId "2130734"]
[BlackFideId "12502014"]
[WhiteElo "2380"]
[BlackElo "2247"]
[Result "1-0"]
[Round "07"]
[TimeControl "180+1"]
[Date "2022.08.18"]
[WhiteClock "0:00:00"]
[BlackClock "0:00:00"]

1. e4 c5 2. Nf3 e6 3. d4 cxd4 4. Nxd4 a6 5. Bd3 Bc5 6. Nb3 Be7 7. O-O Nc6 8. f4 d6 9. Kh1 Nf6 10. Qe2 Qc7 11. Nc3 b5 12. Be3 O-O 13. Rae1 Bb7 14. Bf2 b4 15. Na4 e5 16. Nb6 Rab8 17. Nd5 Qd7 18. Bxa6 Nxe4 19. Bxb7 Nxf2+ 20. Rxf2 Rxb7 21. f5 f6 22. Qc4 Kh8 23. Re3 Rc8 24. Qh4 Bf8 25. Rh3 h6 26. Qg4 Rb5 27. Qe4 Qf7 28. Rd3 Ne7 29. Nxe7 Bxe7 30. Rfd2 d5 31. Rxd5 Rxd5 32. Qxd5 Qxd5 33. Rxd5 Rxc2 34. Rd2 Rc7 35. g4 Ra7 36. Nc1 Bc5 37. Re2 Bb6 38. Kg2 Rd7 39. b3 Rd1 40. Rc2 Rg1+ 41. Kf3 Kh7 42. Nd3 Ba5 43. Rc5 Bb6 44. Rb5 Bd4 45. Rxb4 Ra1 46. a4 Ra2 47. h3 Rd2 48. Ke4 Re2+ 49. Kd5 Re3 50. Rxd4 exd4 51. Kxd4 Rxh3 52. a5 Rg3 53. a6 Rxg4+ 54. Kc5 Rg1 55. Nb2 Rb1 56. a7 Rc1+ 57. Kb6 Rc8 58. Kb7 Re8 59. a8=Q Rxa8 60. Kxa8 h5 61. Nd3 h4 62. b4 h3 63. b5 h2 64. Nf2 Kh6 65. b6 Kg5 66. b7 Kf4 67. b8=Q+ Kf3 68. Qxh2 1-0


[Site "https://www.chess.com"]

[Event "Titled Tuesday Blitz August 16 Late 2022"]
[White "Prydun, Andriy"]
[Black "Lorenzo De La Riva, Lazaro"]
[WhiteFideId "14145898"]
[BlackFideId "2268809"]
[WhiteElo "2163"]
[BlackElo "2325"]
[Result "1-0"]
[Round "07"]
[TimeControl "180+1"]
[Date "2022.08.18"]
[WhiteClock "0:00:00"]
[BlackClock "0:00:00"]

1. d4 c6 2. Nf3 d5 3. e3 Bg4 4. c4 e6 5. Qb3 Qb6 6. c5 Qc7 7. Ne5 Bh5 8. g4 Bg6 9. h4 f6 10. Nxg6 hxg6 11. Qc2 f5 12. b4 Nf6 13. Be2 Nbd7 14. a4 Ne4 15. f4 Ng3 16. Rh2 Nxe2 17. Qxe2 Nf6 18. g5 Ng4 19. Rh3 b6 20. a5 bxc5 21. bxc5 Rb8 22. Nc3 Be7 23. Ra4 Kf7 24. a6 Rb3 25. Qc2 Qb8 26. Ba3 Rxc3 27. Qxc3 Qb1+ 28. Bc1 Qe4 29. Ra2 Rb8 30. Qc2 Bd8 31. Qxe4 fxe4 32. Rb2 Rxb2 33. Bxb2 Ba5+ 34. Ke2 e5 35. fxe5 Ke6 36. Rh1 Bd8 37. Ba3 Kd7 38. Rb1 Nh2 39. Rb7+ Kc8 40. Rxa7 Bc7 41. Rb7 Nf3 42. e6 Nxh4 43. e7 Kd7 44. Rxc7+ Kxc7 45. e8=Q Nf5 46. a7 1-0


[Site "https://www.chess.com"]

[Event "Titled Tuesday Blitz August 16 Late 2022"]
[White "Przybylski, Wojciech"]
[Black "Zamorano, Jorge"]
[WhiteFideId "1117599"]
[BlackFideId "173770"]
[WhiteElo "2133"]
[BlackElo "2331"]
[Result "1-0"]
[Round "07"]
[TimeControl "180+1"]
[Date "2022.08.16"]
[WhiteClock "0:00:02"]
[BlackClock "0:00:01"]

1. e4 c5 2. Nf3 d6 3. Bb5+ Bd7 4. Bxd7+ Qxd7 5. O-O Nc6 6. c4 g6 7. Nc3 Bg7 8. d3 Nf6 9. h3 O-O 10. Re1 a6 11. Be3 b5 12. cxb5 axb5 13. Nxb5 Qb7 14. a4 Ne8 15. Rb1 Nc7 16. Nc3 Ne6 17. Nd2 Rfb8 18. Nc4 Ned4 19. f4 Qb3 20. Bf2 Na5 21. Ne3 Ra7 22. Kh2 Qxd1 23. Rexd1 Rab7 24. Be1 Rxb2 25. Rxb2 Rxb2 26. Ncd5 Nac6 27. Kh1 e6 28. Nc3 Bf8 29. Nc4 Rb3 30. a5 Nb4 31. e5 d5 32. Nd6 Ra3 33. Ncb5 Nxb5 34. Nxb5 Rxa5 35. Nd6 Ra6 36. d4 Bxd6 37. exd6 Nc6 38. dxc5 Kg7 39. Rb1 Ra4 40. Rb6 Na5 41. d7 1-0


[Site "https://www.chess.com"]

[Event "Titled Tuesday Blitz August 16 Late 2022"]
[White "Remolar Gallen, Jose"]
[Black "Sailer, Mike"]
[WhiteFideId "2215187"]
[BlackFideId "2012901"]
[WhiteElo "2205"]
[BlackElo "2109"]
[Result "1-0"]
[Round "07"]
[TimeControl "180+1"]
[Date "2022.08.18"]
[WhiteClock "0:00:00"]
[BlackClock "0:00:00"]

1. e4 d5 2. exd5 Qxd5 3. Nc3 Qd6 4. d4 Nf6 5. Nf3 c6 6. Ne5 Nbd7 7. Bf4 Nxe5 8. dxe5 Qxd1+ 9. Rxd1 Nh5 10. Be3 g6 11. Be2 Ng7 12. Nb5 cxb5 13. Bxb5+ Bd7 14. Bxd7+ Kd8 15. e6 fxe6 16. Bf4 Nf5 17. Bxe6+ Ke8 18. g4 Nh4 19. Ke2 Bg7 20. Bg3 g5 21. Rd7 Bxb2 22. Rhd1 Rf8 23. Bc7 1-0


[Site "https://www.chess.com"]

[Event "Titled Tuesday Blitz August 16 Late 2022"]
[White "Reprintsev, Alexander"]
[Black "Leiva, Gianmarco"]
[WhiteFideId "14100541"]
[BlackFideId "3804399"]
[WhiteElo "2108"]
[BlackElo "2323"]
[Result "0-1"]
[Round "07"]
[TimeControl "180+1"]
[Date "2022.08.18"]
[WhiteClock "0:00:00"]
[BlackClock "0:00:00"]

1. e4 c5 2. b3 Nf6 3. e5 Nd5 4. Nc3 Nxc3 5. dxc3 d5 6. exd6 Qxd6 7. Qxd6 exd6 8. Bc4 Be6 9. Bxe6 fxe6 10. c4 Be7 11. Bb2 Bf6 12. O-O-O Bxb2+ 13. Kxb2 Nc6 14. Rxd6 Nd4 15. Nf3 Ke7 16. Rxd4 cxd4 17. Nxd4 Rad8 18. Kc3 Rhf8 19. f3 Rf4 20. Ne2 Rf5 21. Ng3 Re5 22. Ne4 b5 23. c5 a5 24. a3 Red5 25. Re1 Rd4 26. Ng5 b4+ 27. axb4 axb4+ 28. Kb2 Kf6 29. Nxe6 Re8 30. Nxd4 Rxe1 31. c3 Ke5 32. f4+ Kd5 33. c6 bxc3+ 34. Kxc3 Re3+ 35. Kb4 Kxd4 36. Kb5 Rxb3+ 37. Ka6 Ke4 38. c7 Rc3 39. Kb7 Kxf4 40. c8=Q Rxc8 41. Kxc8 Ke3 42. Kd7 Kf2 43. g4 Kg2 44. Ke7 Kxh2 45. g5 Kh3 46. Kf7 g6 47. Kg7 Kh4 0-1


[Site "https://www.chess.com"]